 Dungeon Crawl Stone Soup version 0.28-a0-1365-g7e0445c96d (webtiles) character file.

Game seed: 9970739504503310634

361 Lekart the Chopper (level 6, 0/55 HPs)
             Began as a Draconian Chaos Knight on Dec 31, 2021.
             Was a Plaything of Xom.
             Slain by a killer bee (4 damage)
             ... on level 7 of the Dungeon.
             The game lasted 00:03:34 (3003 turns).

Lekart the Chopper (Draconian Chaos Knight)         Turns: 3003, Time: 00:03:35

Health: 0/55       AC: 12    Str: 14    XL:     6   Next: 38%
Magic:  6/6        EV: 13    Int: 14    God:    Xom [...*..]
Gold:   29         SH:  4    Dex: 13    Spells: 5/5 levels left

rFire   . . .      SeeInvis .   j - +2 hand axe (freeze)
rCold   + . .      Faith    .   (no shield)
rNeg    + + +      Spirit   .   (armour unavailable)
rPois   ∞          Reflect  .   (helmet restricted)
rElec   .          Harm     .   (no cloak)
rCorr   .          Rampage  .   (no gloves)
Will    +....                   (no boots)
Stlth   ++........              (no amulet)
HPRegen 0.18/turn               (no ring)
MPRegen 0.10/turn               (no ring)

@: lethally poisoned (0 -> 0), lich-form, flying
A: draining attack, torment immunity, no potions, flying, AC +6, unfitting
armour, cold-blooded, big wings, claws 1, large bone plates 1, clever 1,
mutation resistance 1
a: Renounce Religion


You were on level 7 of the Dungeon.
You worshipped Xom.
You were a favourite toy of Xom.
You were an undead lich.
You visited 1 branch of the dungeon, and saw 5 of its levels.

You collected 29 gold pieces.

Inventory:

Hand Weapons
 a - a +0 hand axe of chaos
 j - a +2 hand axe of freezing (weapon)
Jewellery
 g - a ring of flight
Scrolls
 d - 2 scrolls of identify
Potions
 b - a potion of haste
 e - 3 potions of brilliance


   Skills:
 + Level 4.8 Fighting
 + Level 4.9 Axes
 + Level 3.4 Dodging
 + Level 2.2 Stealth
 + Level 1.0 Shields
 + Level 0.1 Unarmed Combat


You had 5 spell levels left.
You didn't know any spells.
Your spell library contained the following spells:

 Spells                   Type           Power      Damage    Failure   Level
 Animate Skeleton         Necr           0%         N/A       28%         1
 Pain                     Necr           0%         1d4       28%         1
 Conjure Flame            Conj/Fire      0%         6-21      65%         3
 Ignite Poison            Fire/Tmut/Pois 0%         N/A       65%         3
 Vampiric Draining        Necr           0%         2d6       65%         3
 Sticky Flame             Conj/Fire      0%         2d3       96%         4


Dungeon Overview and Level Annotations

Branches:
Dungeon (4/15)
 Temple: D:4-7

Altars:
Ashenzari
Fedhas
Nemelex Xobeh
The Shining One

Annotations:
D:3 Grinder


Innate Abilities, Weirdness & Mutations

You are an undead lich.
Your unarmed attacks are suffused with negative energy.
You are immune to unholy pain and torment.
Your necromantic spells are more powerful.
You cannot drink.
You are flying.
You are immune to poison.
Your plain brown scales are hard. (AC +6)
You cannot fit into any form of body armour.
You are cold-blooded and may be slowed by cold attacks.
Your large and strong wings let you fly.
You have sharp fingernails.
You are partially covered in large bone plates. (SH +4)
Your mind is acute. (Int +2)
You are somewhat resistant to further mutation.


Message History

You have reached level 6!
Your scales feel tougher.
Found a scroll labelled NAROT GIFUI.
The killer bee stings you.
* * * LOW HITPOINT WARNING * * *
You cannot drink potions in your current state!
Unknown command.
As you read the scroll labelled JYUFIT NELU, it crumbles to dust.
The scroll dissolves into smoke.
It was a scroll of fog.
The killer bee barely misses you. The killer bee misses you.
As you read the scroll labelled EDEUSTU TUMOI, it crumbles to dust.
You feel strangely unstable.
It was a scroll of teleportation.
You feel yourself slow down.
The killer bee stings you but does no damage.
The killer bee closely misses you. The killer bee stings you.
* * * LOW HITPOINT WARNING * * *
Found a runed cloak.
The killer bee barely misses you. You block the killer bee's attack.
The killer bee stings you but does no damage.
Your surroundings suddenly seem different.
A killer bee comes into view.
The killer bee buzzes angrily.
A killer bee comes into view.
You aren't carrying any items that you can evoke.
Okay, then.
You cannot drink potions in your current state!
You barely miss the killer bee. Xom grants you insight.
You feel aware of your surroundings.
The killer bee stings you but does no damage.
A killer bee comes into view.
The killer bee stings you but does no damage.
You closely miss the killer bee.
The killer bee stings you but does no damage. x2
The killer bee barely misses you.
The killer bee buzzes angrily.
The killer bee stings you.
You die...
Xom cackles wildly!

##.##.(...##########, *
** *** *
.yy...................
,,,,, ,
#y##y##.#...y........# *
***** *,
#.y..................**,,
, *, ,
#######.#...(.....:#, ,,
* , ,
...................# **,
* *,* ,
...####............# ,,,
, ,,*,
...................+,,,>
* *, ...###.........yL..#
,*,, ,,, ,
...###.............#* * *
, *
....##.....#######.#*,
,,, <,
...........######*.#*,**
****, , ######'..........
.,,* ,*,,, ,,
......#.....##### ,## * *
**, .....⌠#.###.# * , ,
,, ,, _.._..#.# *.#* *,*,
*** ** * * .....⌠#.# ..*
,* ,, , , ,, ,


You could see 2 killer bees.

Vanquished Creatures
  A wyvern (D:7)
  2 killer bees (D:7)
  A hound (D:7)
  An orc priest (D:3)
  2 adders (D:2)
  2 worms
  A dart slug (D:3)
  3 orcs (D:3)
  3 ball pythons
  An endoplasm (D:2)
  A giant cockroach (D:1)
  9 goblins
  6 hobgoblins
  2 jackals (D:2)
  5 quokkas
  5 bats
  2 frilled lizards
  2 kobolds (D:3)
  3 rats
52 creatures vanquished.

Notes
Turn   | Place    | Note
-------+----------+-------------------------------------------
     0 | D:1      | Lekart the Draconian Chaos Knight began the quest for the
                  | Orb.
     0 | D:1      | Reached XP level 1. HP: 19/19 MP: 1/1
   411 | D:1      | Reached XP level 2. HP: 22/26 MP: 2/2
  1364 | D:2      | XOM: cloud trail
  1398 | D:2      | Reached XP level 3. HP: 25/33 MP: 3/3
  1512 | D:2      | XOM: silly message
  1568 | D:2      | Found a faded altar of an unknown god.
  1607 | D:2      | Found a glowing golden altar of the Shining One.
  1838 | D:2      | XOM: 2-stop teleportation journey
  1876 | D:2      | XOM: give mutation
  1876 | D:2      | Gained mutation: Your mind is acute. (Int +2) [Xom's grace]
  2208 | D:3      | XOM: give mutations
  2208 | D:3      | Gained mutation: You have sharp fingernails. [Xom's grace]
  2208 | D:3      | Gained mutation: You are partially covered in large bone
                  | plates. (SH +4) [Xom's grace]
  2208 | D:3      | Gained mutation: Your large and strong wings let you fly.
                  | [Xom's grace]
  2208 | D:3      | Gained mutation: You are somewhat resistant to further
                  | mutation. [Xom's grace]
  2315 | D:3      | Reached XP level 4. HP: 40/40 MP: 4/4
  2449 | D:3      | Found a broken altar of Ashenzari.
  2481 | D:3      | Reached skill level 1 in Stealth
  2777 | D:3      | Noticed Grinder
  2788 | D:3      | XOM: cast spell 'Dispersal'
  2793 | D:3      | XOM: fake destruction
  2801 | D:4      | You fall into a shaft and drop 3 floors!
  2907 | D:7      | Found a blossoming altar of Fedhas.
  2907 | D:7      | Found a sparkling altar of Nemelex Xobeh.
  2910 | D:7      | Noticed a wyvern
  2938 | D:7      | Xom revived you
  2946 | D:7      | Reached XP level 5. HP: 14/47 MP: 5/5
  2968 | D:7      | XOM: cast spell 'Necromutation'
  2979 | D:7      | XOM: enchant monster (good)
  2984 | D:7      | Killed a wyvern
  2985 | D:7      | Reached skill level 1 in Shields
  2985 | D:7      | Reached XP level 6. HP: 9/55 MP: 6/6
  2992 | D:7      | HP: 2/55 [killer bee (5)]
  3000 | D:7      | XOM: divination: magic mapping
  3003 | D:7      | Slain by a killer bee

Illustrated notes

Levels and vault maps discovered:
D:1:      minmay_arrival_jagged, layout_basic, minivault_23
D:2:      layout_loops_ring, basic_ecumenical_altar, basic_altar,
          grunt_ministairs_11
D:3:      layout_loops_ring, ashenzari_conservatory_becter,
          lightli_corner_chamber, uniq_crazy_yiuf_cottage, uniq_grinder
D:4:      layout_basic, serial_bayou_crossing
D:7:      layout_basic, jmf_multi_god_temple,
          minmay_temple_entry_statues_fountains, uniq_harold

Skill      XL: |  1  2  3  4  5 |
---------------+----------------+-----
Fighting       | 4 |  4.8
Axes           | 4 |  4.9
Stealth        | 1 2 |  2.2
Dodging        | 3 |  3.4
Shields        | 1 |  1.0
Unarmed Combat | |  0.1

Action                   |  1- 3 |  4- 6 || total
-------------------------+-------+-------++-------
Melee: Hand axe          |   120 |    32 ||   152
       Tailslap          |    15 |     4 ||    19
       Unarmed           |       |     3 ||     3
  Use: Scroll            |       |     6 ||     6
       Potion            |       |     3 ||     3
 Stab: Sleeping          |     2 |       ||     2
Armor: Skin              |    47 |    19 ||    66
Dodge: Dodged            |    92 |    42 ||   134
Block: Other             |     1 |    13 ||    14

Table legend: (Time is in decaauts)
 A = Elapsed time spent in this place.
 B = Non-inter-level travel time spent in this place.
 C = Inter-level travel time spent in this place.
 D = Time resting spent in this place.
 E = Time spent auto-exploring this place.
 F = Levels seen in this place.
 G = Mean time per level.
                   A        B        C        D        E       F      G
               +--------+--------+--------+--------+--------+-----+--------+
         Total |   3001 |   2958 |     43 |    359 |   2170 |   5 |  600.2 |
       Dungeon |   3001 |   2958 |     43 |    359 |   2170 |   5 |  600.2 |
               +--------+--------+--------+--------+--------+-----+--------+

Top non-repeatable levels by time:
     D:1: 1106 daAuts
     D:2: 1085 daAuts
     D:3: 622 daAuts
     D:7: 188 daAuts
